 Dungeon Crawl Stone Soup version 0.26.0-45-g9c1d065592 (webtiles) character file.

Game seed: 15937257758607302142

180 BOMJPIETVODKU the Shield-Bearer (level 5, -1/49 HPs)
             Began as a Deep Dwarf Fighter on Jan 28, 2021.
             Slain by an orc priest
             ... wielding a +0 trident
              (4 damage)
             ... on level 3 of the Dungeon.
             The game lasted 00:07:53 (2483 turns).

BOMJPIETVODKU the Shield-Bearer (DDFi)              Turns: 2483, Time: 00:07:54

Health: -1/49      AC:  9    Str: 20    XL:     5   Next: 33%
Magic:  4/4        EV:  5    Int:  9    God:
Gold:   123        SH:  9    Dex: 12    Spells: 4/4 levels left

rFire    . . .     SeeInvis .   a - +0 long sword
rCold    . . .     Faith    .   c - +0 kite shield
rNeg     . . .     Spirit   .   o - +0 chain mail
rPois    .         Reflect  .   (no helmet)
rElec    .         Harm     .   (no cloak)
rCorr    .         Rampage  .   (no gloves)
Will     .....                  (no boots)
Stlth    ..........             (no amulet)
HPRegen  0.00/turn              (no ring)
MPRegen  0.09/turn              (no ring)

@: non-regenerating
A: damage resistance, heal wounds, sense surroundings 1, no regeneration
a: Heal Wounds


You were on level 3 of the Dungeon.
You visited 1 branch of the dungeon, and saw 3 of its levels.

You collected 123 gold pieces.

Inventory:

Hand Weapons
 a - a +0 long sword (weapon)
Armour
 b - a +0 scale mail
 c - a +0 kite shield (worn)
 i - a +0 ring mail
 o - a +0 chain mail (worn)
Scrolls
 e - 2 scrolls of enchant weapon {unknown}
 f - 8 scrolls of identify {unknown}
 j - a scroll of fear {unknown}
 k - a scroll of teleportation {unknown}
 l - 2 scrolls of remove curse {unknown}
 p - a scroll of magic mapping {unknown}
Potions
 d - a potion of might
 g - a potion of heal wounds {unknown}
 h - a potion of attraction {unknown}
 m - a potion of mutation {unknown}
 n - a potion of curing {unknown}


   Skills:
 * Level 3.4 Fighting
 + Level 3.4 Long Blades
 + Level 4.1 Armour
 + Level 0.7 Dodging
 + Level 4.3 Shields


You had 4 spell levels left.
You didn't know any spells.
Your spell library was empty.

Dungeon Overview and Level Annotations

Branches:
Dungeon (3/15)

Altars:
Hepliaklqana
Kikubaaqudgha
Makhleb


Innate Abilities, Weirdness & Mutations

You are resistant to damage.
You can heal yourself by infusing magical energy.
You passively map a small area around you.
You do not regenerate.


Message History

You kill the goblin!
The orc priest hits you from afar with a +0 trident.
* * * LOW HITPOINT WARNING * * *
The orc wizard points at itself and mumbles some strange words.
The orc wizard flickers and vanishes!
Deactivating autopickup; reactivate with Ctrl-A.
You hit the orc.
The orc is almost dead.
The orc hits you but does no damage. You block the orc priest's attack.
You block the orc's attack.
You hit the orc.
You kill the orc!
The orc priest mumbles some strange prayers to Beogh against you.
Beogh smites you!
* * * LOW HITPOINT WARNING * * *
The orc priest hits you from afar with a +0 trident.
You closely miss the orc. The orc hits you with a +0 hand axe.
* * * LOW HITPOINT WARNING * * *
The orc priest hits you from afar with a +0 trident.
You die...

, * * *< #...##.<#
...... #..# * , ..
#...#...#, ......
#..# #.'#†..#'.##
..#+## #..# *
###.....##### ,
#...
.............# * *
####.#. *
......♣......#.#
#...... ,
................#
,#......
*..###...oo###.###
#......
,.##.'#...#@.##..,
#....#.
...#...#...####
#....#. >,
#...##.>#, #
######. #o... ####
#.####### , go..##
#.#........ ,.....
#........## .....
#..#..##.## , ,
#...#.##.## *#####
#..........


You could see an orc priest and an orc.

Vanquished Creatures
  5 adders
  4 gnolls (D:3)
  2 worms (D:3)
  A dart slug (D:2)
  4 leopard geckos
  11 orcs (D:3)
  A ball python (D:2)
  2 giant cockroaches (D:2)
  6 goblins
  6 hobgoblins
  5 jackals
  2 quokkas (D:2)
  10 bats
  2 frilled lizards (D:2)
  A jackal skeleton (D:3)
  5 kobolds
  9 rats
76 creatures vanquished.

Notes
Turn   | Place    | Note
-------+----------+-------------------------------------------
     0 | D:1      | BOMJPIETVODKU the Deep Dwarf Fighter began the quest for
                  | the Orb.
     0 | D:1      | Reached XP level 1. HP: 20/20 MP: 1/1
   680 | D:1      | Reached XP level 2. HP: 20/27 MP: 2/2
  1078 | D:2      | Reached XP level 3. HP: 14/33 MP: 3/3
  1545 | D:2      | Reached XP level 4. HP: 10/42 MP: 4/4
  2034 | D:3      | HP: 1/42 [gnoll/+0 club (4)]
  2222 | D:3      | Reached XP level 5. HP: 19/49 MP: 4/4
  2318 | D:3      | Found a hazy altar of Hepliaklqana.
  2338 | D:3      | Found a burning altar of Makhleb.
  2349 | D:3      | Found an ancient bone altar of Kikubaaqudgha.
  2483 | D:3      | Slain by an orc priest

Illustrated notes

Levels and vault maps discovered:
D:1:      roderic_dead_forest, layout_basic, kennysheep_boxes
D:2:      layout_basic, minivault_26, fountainhead, st_stairs_12
D:3:      layout_basic, minitemple, hangedman_abyss_or_decor_lesser_grid,
          grunt_ministairs_6

Skill      XL: |  1  2  3  4 |
---------------+-------------+-----
Shields        | 4 |  4.3
Fighting       | 3 |  3.4
Armour         | 4 |  4.1
Long Blades    | 3 |  3.4
Dodging        | |  0.7

Action                   |  1- 3 |  4- 6 || total
-------------------------+-------+-------++-------
Melee: Long sword        |   132 |   106 ||   238
 Abil: Heal Wounds       |       |     1 ||     1
Armor: Scale mail        |    82 |    11 ||    93
       Ring mail         |     2 |       ||     2
       Chain mail        |       |    40 ||    40
Dodge: Dodged            |    67 |    34 ||   101
Block: Kite shield       |    93 |    53 ||   146
       Rpst.: Long sword |    24 |    14 ||    38
